 Dungeon Crawl Stone Soup version 0.18.1-48-g4cf74bf (webtiles) character file.

53 dvd the Insei (level 3, -2/23 HPs)
             Began as an Octopode Transmuter on June 26, 2016.
             Slain by a gnoll
             ... wielding a +0 vampiric spear
              (8 damage)
             ... on level 2 of the Dungeon.
             The game lasted 00:03:40 (1554 turns).

dvd the Insei (Octopode Transmuter)                 Turns: 1554, Time: 00:03:41

Health: -2/23      AC:  1    Str: 10    XL:     3   Next: 89%
Magic:  5/6        EV: 12    Int: 15    God:
Gold:   140        SH:  0    Dex: 12    Spells: 2 memorised, 2 levels left

rFire  . . .     SeeInvis .       - Unarmed
rCold  . . .     Gourm    .     (no shield)
rNeg   . . .     Faith    .     (helmet restricted)
rPois  .         Spirit   .     (no amulet)
rElec  .         Dismiss  .     h - ring of flight
rCorr  .         Reflect  .     (no ring)
SustAt .         Harm     .     (no ring)
MR     .....                    (no ring)
Stlth  +++.......               (no ring)
                                (no ring)
                                (no ring)
                                (no ring)

@: appendage (expiring), not resistant to hostile enchantments, fairly stealthy
A: almost no armour, amphibious, 8 rings, constrict 8, tentacle spike 3,
camouflage 1, gelatinous body 1
a: End Transformation, Evoke Flight


You were on level 2 of the Dungeon.
You were not hungry.
One of your tentacles had a temporary spike.
You visited 1 branch of the dungeon, and saw 2 of its levels.

You collected 140 gold pieces.

Inventory:

Missiles
 a - 12 arrows
Jewellery
 h - a ring of flight (left tentacle)
Scrolls
 d - a scroll of random uselessness {unknown}
 e - a scroll of identify {unknown}
 g - 3 scrolls of remove curse {unknown}
 i - a scroll of enchant armour {unknown}
 m - a scroll of teleportation {unknown}
Potions
 j - 2 potions of curing {unknown}
 l - 2 potions of lignification {unknown}
Books
 b - a book of Changes

   Spells                             Type                      Level
   a - Beastly Appendage              Transmutation                1
   b - Sticks to Snakes               Transmutation                2
   c - Spider Form                    Transmutation/Poison         3
   d - Ice Form                       Ice/Transmutation            4
   e - Blade Hands                    Transmutation                5
Comestibles
 c - 3 bread rations
 f - 2 meat rations
 k - 2 chunks of flesh


   Skills:
 + Level 1.3 Fighting
 + Level 2.4 Dodging
 + Level 0.8 Stealth
 + Level 3.6 Unarmed Combat
 + Level 2.4 Spellcasting
 + Level 2.2 Transmutations


You had 2 spell levels left.
You knew the following spells:

 Your Spells              Type           Power        Failure   Level  Hunger
a - Beastly Appendage     Trmt           #.....       12%         1    #......
b - Spider Form           Trmt/Pois      #.........   43%         3    ###....


Dungeon Overview and Level Annotations

Branches:
Dungeon (2/15)

Altars:
Yredelemnul


Innate Abilities, Weirdness & Mutations

You cannot wear most types of armour.
You are amphibious.
You can wear up to eight rings at the same time.
You can use your tentacles to constrict eight enemies at once.
Your skin changes colour to match your surroundings (Stealth).
Your rubbery body absorbs attacks (AC +1).
One of your tentacles bears a large vicious spike.


Message History

Your transformation is almost over.
You constrict the gnoll. The gnoll hits you.
The gnoll hits you from afar with a vampiric spear!
You tentacle-slap the gnoll but do no damage.
The gnoll is lightly wounded.
You constrict the gnoll. The gnoll barely misses you.
The gnoll closely misses you.
You tentacle-slap the gnoll.
You pierce the gnoll.
The gnoll is severely wounded.
You constrict the gnoll. The gnoll hits you!
The gnoll hits you from afar with a vampiric spear.
* * * LOW HITPOINT WARNING * * *
You tentacle-slap the gnoll but do no damage.
The gnoll is severely wounded.
You constrict the gnoll. The gnoll hits you but does no damage.
The gnoll barely misses you.
You tentacle-slap the gnoll.
You kill the gnoll!
The gnoll hits you from afar with a vampiric spear!
You die... # [# ###.### #...g.# #g###.### #.# .gg

#@###.#
######
##.....#
......
#....###
#.######
#.#..#
#.######
#....#
#.##....
##.#.##
#.##.###
#....###
#.##.#
#......#
#.##.#
##...#.#
#.##.###


You could see a gnoll.

Vanquished Creatures
  A gnoll (D:2)
  An adder (D:2)
  3 dart slugs
  5 bats
  3 giant cockroaches
  A goblin (D:1)
  6 hobgoblins (D:1)
  2 giant newts (D:1)
  2 kobolds
  6 rats
30 creatures vanquished.

Notes
Turn   | Place    | Note
--------------------------------------------------------------
     0 | D:1      | dvd the Octopode Transmuter began the quest for the Orb.
     0 | D:1      | Reached XP level 1. HP: 13/13 MP: 3/3
   270 | D:1      | Reached XP level 2. HP: 17/18 MP: 5/5
   983 | D:1      | Reached XP level 3. HP: 23/23 MP: 6/6
   991 | D:1      | Learned a level 3 spell: Spider Form
  1402 | D:2      | Found a basalt altar of Yredelemnul.
  1554 | D:2      | Slain by a gnoll

Action                   || total
-------------------------++-------
Melee: Unarmed           ||    68
       Constrict         ||    20
       Kick              ||    14
       Tentacles         ||     6
 Cast: Beastly Appendage ||    16
 Stab: Sleeping          ||     7
  Eat: Chunk             ||     2
Armor: Skin              ||    11
Dodge: Dodged            ||    40
